woodfighter, chaotic female elven Rogue }}}}}}D}}}}}}}}}}}}}}}}}}}}}}}}}}}}}}}}}}}}}}}}}}}}}}}}}}}}}}}}}}}}}}}}}}}} }}}}}}}}}}}}}}}}}}}}}}}}}}}}}}}}}}}}}}}}}}}}}}}}}}}}}}}}}}}}}}}}}}}}}}}}}}} }}}}}}}}}.}}}}}}.....}}}}}}}}}}}}}}}}}}}}}}}}}}}}}}}}}}}}}}}}}}}}}}}}}}}}}} }}}}}}}....}}}}}..`.}}}}}}}}}}}}}}}}}}}}}}}}}}}}}}}}}}}}}}}}.....?......}}} }...}}}}}}}}}}}...'}}}..}}}}}}}}}}}}}}}}}}}}}}}}}}}}}}}}}}}}}}}...}}}}}.%}} }..`}}}}}}}}}}....}}}}.?}}}}}}}}}}}.......}}}}}}}}}}}}}}}}}}}}}}}..}}}}..}} }...}}}}}}}1}}}}}}}}}}}}}}}}}}----------------- }}}}}}}}}}}}}.......}} }...}}}}}}}}}}}}}}}}}}}@}}}}}.| }}}}}...}} }.T@.^}}}}...}}}}}}}}}}}}}}...----- }..^..}}}}}.}}}}}}}}}}}}}}}...[...| }....}}}}}}}}}}}}}}}}}}}}}}...n...| }.(..}}}}}}}}}}}}}}}}}}}}}}...----- }.....}}}}}}}}}}}}}}}}}}}}}}}.| }}}}}}}}}} }......}}}}}}}}}}}}}}}}}}}}}}}----------------- }}}}}}}}}}}}...}}}}}}} }....<..}}}}}}}...}}}}}}}}}}}}`})`}.......}}}}}}}}}}..}}}}}}}}}......}}}}}} }.....}`}}}}}}}}..=..}}}}}}}}}}}}}}}}}}}}}}}}}}}}}}.....}}}}}}..}}}.}}}}}}} }}..}}}}}}}}}}}}}....`}}}}}}}}}}}}}}}}}}}}}}}}}}}}}}..}}}}}}}}}}}}}}}}}}}}} }}}}}}}}}}}}}}}}}....}}}}}}}}}}}}}}}}}}}}}}}..}}..}}}}}}}}}}}}}}}}}}}}}}}}} }}}}}}}}}}}}}}}}}}}}}}}}}}}}}}}}}}}}}}}}}}}}}}}}}}}}}}}}}}}}}}}}}}}}}}}}}}} }}}}}}}}}}}}}}}}}}}}}}}}}}}}}}}}}}}}}}}}}}}}}}}}}}}}}}}}}}}}}}}}}}}}}}}}}}} woodfighter the Robber Experience level: 14 Strength: 18 Dexterity: 19 Constitution: 16 Intelligence: 9 Wisdom: 11 Charisma: 11 Health: 0(79) Energy: 46(79) Def: 22 Gold: 0 Moves: 21850 Dungeon seed: fxCGKhdIRkfszoqa Game ID: woodfighter_1516049645 Your Inventory: Amulets c - an uncursed amulet of reflection (being worn) Weapons a - the blessed +6 Grayswandir (weapon in hand) X - 19 blessed +5 elven daggers (in quiver) Armor e - an uncursed +1 robe (being worn) n - a blessed greased +4 gray dragon scale mail (being worn) x - an uncursed +0 pair of leather gloves (being worn) D - a blessed +5 pair of speed boots F - a blessed -2 pair of levitation boots N - an uncursed thoroughly rusty +0 orcish helm (being worn) Y - an uncursed +0 elven shield (being worn) Comestibles l - 5 uncursed food rations I - an uncursed rock troll corpse Rings S - an uncursed +2 ring of protection (on left hand) Wands d - a blessed wand of digging (0:5) f - a wand of fire (0:8) g - a wand of sleep (0:6) h - a wand of teleportation (0:6) Tools q - a +0 unicorn horn s - a blessed bag of holding w - an uncursed magic whistle y - the blessed Master Key of Thievery E - the Bell of Opening (0:3) U - a blessed magic lamp W - an uncursed towel Gems V - a blessed luckstone Contents of the bag of holding: an uncursed amulet of life saving an uncursed amulet of life saving an uncursed burnt +2 mummy wrapping an uncursed +0 oilskin cloak 4 uncursed food rations an uncursed lizard corpse a blessed tin of lizard meat 3 uncursed scrolls of scare monster 2 potions of holy water an uncursed ring of conflict a wand of death (0:3) a magic harp (0:6) an uncursed [+0] pick-axe a +0 unicorn horn Spells and supernatural/magical abilities: Name Level Category Fail Memory c - cause fear 3 enchantment 100% 98% n - detect monsters 1 divination 86% 98% p - protection 1 clerical 86% 98% x - extra healing 3 healing 100% 99% C - cancellation 7 matter 100% 99% E - detect food 2 divination 90% 99% I - identify 3 divination 100% 99% K - cure sickness 3 healing 100% 98% M - magic mapping 5 divination 100% 99% W - pray for help -- divine ? -- Your skills at the end: Miscellaneous Skills shield [Skilled] wands [Basic] Weapon Skills dagger [Expert] short sword [Basic] saber [Skilled] Spellcasting Skills Final Attributes: You were piously aligned. You were fire resistant. You were cold resistant. You were sleep resistant. You were poison resistant. You were magic-protected. You resisted hallucinations. You saw invisible. You were telepathic. You were warned. You had automatic searching. You had infravision. You were invisible to others. You had teleport control. You were protected. You were fast. You had reflection. You were lucky. You had extra luck. Good luck did not time out for you. You are dead. Vanquished creatures: an ancient gray dragon an ancient green dragon 2 elder red dragons a red dragon a balrog The Master Assassin 3 titanotheres a trapper 16 baby red dragons a baby blue dragon 28 guardian nagas a captain a water troll an Aleax 2 golden nagas a black pudding 3 ghosts 3 lieutenants a winged gargoyle 3 giant mimics an ogre king 7 rock trolls an umber hulk 3 large mimics a wumpus a baby long worm 4 couatls a stalker an earth elemental a water elemental 4 black nagas 2 giant zombies 3 wargs 2 winter wolves 3 small mimics a warhorse 2 xans an ogre lord 11 trolls a sasquatch an electric eel 2 pyrolisks 2 large dogs a freezing sphere 2 flaming spheres a large cat a tiger 2 gargoyles 3 dwarf kings 2 tengu 2 gelatinous cubes 19 chameleons a leocrotta an energy vortex 4 giants 2 human mummies 6 red nagas a pit viper a cobra 2 wraiths an ettin zombie 10 soldiers 2 incubi a giant beetle 13 wolves 3 winter wolf cubs 2 black lights a lynx a panther a gremlin 74 leprechauns 2 quivering blobs a spotted jelly 4 lizards 5 mountain nymphs an orc-captain a mumak 4 giant spiders a scorpion an iron piercer a horse an ice vortex 2 vampire bats 2 gnome kings a brown pudding an owlbear 5 werewolves a piranha 8 giant eels a chickatrice a dog 2 dingos 2 housecats a jaguar 5 dwarf lords 5 blue jellies 17 water nymphs a white unicorn a gray unicorn a dust vortex 2 ravens 2 plains centaurs 3 gnome mummies a Woodland-elf a snake 3 apes 7 human zombies 2 rope golems 6 soldier ants 3 yellow lights 12 bugbears 3 quasits a baby crocodile a wood nymph 18 Mordor orcs 2 orc shamans 2 rock piercers 3 fog clouds 6 shriekers 8 violet fungi 27 gnome lords 10 gnomish wizards 3 kobold mummies a red naga hatchling 2 golden naga hatchlings a guardian naga hatchling 3 gray oozes 2 barrow wights 6 elf zombies a straw golem 2 jellyfish 39 giant ants 5 floating eyes a kitten 20 dwarves a homunculus 2 kobold lords a kobold shaman 12 iguanas 28 hill orcs a rothe 2 centipedes 4 jitterbugs 4 giant bats a monkey 4 orc zombies 11 dwarf zombies a wererat 2 werejackals 23 killer bees 10 coyotes 2 gas spores 6 hobbits 5 acid blobs 3 large kobolds 6 geckos 26 hobgoblins 3 giant rats 8 cave spiders 2 brown molds 5 yellow molds 4 green molds a red mold 56 gnomes 23 garter snakes 15 manes 3 gnome zombies 12 jackals 2 foxes 3 kobolds 6 newts 8 goblins a sewer rat 12 grid bugs 8 bats 10 lichens a kobold zombie 914 creatures vanquished. Voluntary challenges: You were not displaced. You had been an atheist until turn 3592. You used a wielded weapon 1641 times, starting on turn 37. You did not use plumbed fixtures. You read items or engraved 162 times, starting on turn 4333. You never genocided any monsters. You never polymorphed an object. You never changed form. You completed Sokoban on turn 7655, according to the rules. You used 2 wishes, starting on turn 4342. You wished for your your first artifact on turn 10591. You never split a pudding. You never wrote Elbereth's name. You violated your moral code, losing 5 points of alignment, starting on turn 15126. Dungeon overview: The Dungeons of Doom: levels 1 to 25 Level 1 a fountain a long staircase Level 2 a hardware shop, a fountain Level 3 Level 4 a sink stairs to The Gnomish Mines Level 5 (stash) Level 6 (water) Level 7 (throne) Level 8 (vault) a fountain Level 9 many fountains Level 10 ( ) stairs to Sokoban Level 11 (vault) a fountain Level 12 Level 13 some altars to Issek and Kos, a fountain Level 14 Level 15 a fountain Level 16 (quest) an altar to Kos, some fountains portal to The Quest Level 17 some altars to Issek and Kos, a sink Level 18 (rogue) Level 19 a fountain Level 20 Level 21 an altar to Kos, a fountain, a sink Level 22 (red dragon hall) a fountain Level 23 (vault?) a fountain, a sink Level 24 Level 25 (medusa) <- You were here The Gnomish Mines: levels 5 to 12 Level 5 stairs to The Dungeons of Doom Level 6 Level 7 Level 8 many shops, a temple to Mog, a magic chest, some fountains Level 9 Level 10 Level 11 (balrog & ancient dragon!) Level 12 a magic chest, a fountain The Quest: levels 1 to 6 Level 1 a magic chest portal to The Dungeons of Doom Level 2 Level 3 some fountains Level 4 Level 5 Level 6 Sokoban: levels 6 to 9 Level 6 a magic chest Level 7 a delicatessen, a magic chest Level 8 Level 9 an altar to Kos, a magic chest stairs to The Dungeons of Doom History has recorded: On T:1 you entered the Dungeons of Doom to retrieve the Amulet of Yendor! On T:149 you reached level 2 of The Dungeons of Doom. On T:347 you reached level 3 of The Dungeons of Doom. On T:565 you advanced to experience level 2. On T:1023 you advanced to experience level 3. On T:1112 you reached level 4 of The Dungeons of Doom. On T:1475 you advanced to experience level 4. On T:1488 you reached level 1 of The Gnomish Mines. On T:1813 you reached level 5 of The Dungeons of Doom. On T:1992 you reached level 6 of The Dungeons of Doom. On T:2235 you advanced to experience level 5. On T:2372 you reached level 7 of The Dungeons of Doom. On T:2768 you advanced to experience level 6. On T:2901 you reached level 8 of The Dungeons of Doom. On T:3481 you reached level 9 of The Dungeons of Doom. On T:3592 you prayed to Kos. On T:3820 you advanced to experience level 7. On T:4214 you reached level 10 of The Dungeons of Doom. On T:4266 you reached level 4 of Sokoban. On T:4331 you opened a magic chest. On T:4342 you wished for "+3 blessed fixed greased gray dragon scale mail". On T:5032 you advanced to experience level 8. On T:5034 you advanced to experience level 9. On T:5284 you reached level 3 of Sokoban. On T:5617 you reached level 2 of Sokoban. On T:6674 you reached level 1 of Sokoban. On T:7655 you advanced to experience level 10. On T:7655 you entered the Sokoban zoo. On T:8413 you reached level 2 of The Gnomish Mines. On T:8549 you reached level 3 of The Gnomish Mines. On T:9004 you reached level 4 of The Gnomish Mines. On T:9074 you reached level 5 of The Gnomish Mines. On T:9180 you entered the Minetown temple On T:9602 you reached level 6 of The Gnomish Mines. On T:9609 you reached level 7 of The Gnomish Mines. On T:10591 you wished for "+3 blessed fixed Grayswandir". On T:11339 you reached level 11 of The Dungeons of Doom. On T:11689 you reached level 12 of The Dungeons of Doom. On T:11774 you reached level 13 of The Dungeons of Doom. On T:12080 you reached level 14 of The Dungeons of Doom. On T:12253 you advanced to experience level 11. On T:12448 you reached level 15 of The Dungeons of Doom. On T:12675 you reached level 16 of The Dungeons of Doom. On T:12936 you reached level 1 of The Quest. On T:13102 you reached level 17 of The Dungeons of Doom. On T:13165 you reached level 18 of The Dungeons of Doom. On T:13165 you entered the Rogue tribute level. On T:13607 you reached level 19 of The Dungeons of Doom. On T:13777 you reached level 20 of The Dungeons of Doom. On T:13841 you reached level 21 of The Dungeons of Doom. On T:14183 you reached level 22 of The Dungeons of Doom. On T:14393 you reached level 23 of The Dungeons of Doom. On T:15312 you advanced to experience level 12. On T:15852 you reached level 24 of The Dungeons of Doom. On T:15988 you reached level 25 of The Dungeons of Doom. On T:16542 you advanced to experience level 13. On T:16715 you advanced to experience level 14. On T:17743 you embarked upon an epic quest. On T:17764 you reached level 2 of The Quest. On T:17838 you reached level 3 of The Quest. On T:18413 you reached level 4 of The Quest. On T:19107 you reached level 5 of The Quest. On T:19155 you reached level 6 of The Quest. On T:19750 you killed Master Assassin on level 6 of The Quest. On T:19895 you completed the quest! On T:20575 you reached level 8 of The Gnomish Mines. On T:20575 you reached the bottom of the Mines. Score breakdown: Gold: 0 ( 0 points) Experience: 14 levels ( 1300 points) Exploration: 25 levels ( 720 points) Discoveries: 93 items ( 2000 points) Variety of kills: 177 monsters ( 2000 points) Major goal: finished the Quest ( 2000 points) Survival: died (score multiplied by 3) Total score: 24060 Latest messages: You feel yourself slow down slightly. You stop changing your equipment. You slash the water troll! The water troll claws you! (2x) The water troll bites! The water troll claws you! (2x) The water troll bites! You hack the water troll! The water troll claws you! (2x) The water troll bites! The water troll claws you! (2x) The water troll bites! The water troll claws you! (2x) The water troll misses. (2x) The water troll claws you! The water troll bites! The sleep ray hits the water troll. The sleep ray bounces! The sleep ray hits the water troll. The water troll misses. The water troll claws you! The water troll bites! The water troll claws you! (2x) The water troll bites! You die... Final status: Goodbye woodfighter the Rogue, killed by a water troll... You died in The Dungeons of Doom on dungeon level 25 with 24060 points, and 0 pieces of gold, after 21850 moves. You were level 14 with a maximum of 79 hit points when you died.